 Dungeon Crawl Stone Soup version 0.30-a0-743-gbfdf073431 (webtiles) character file.

Game seed: 18021765434905393383

9156 avis the Skirmisher (level 11, -7/94 HPs)
             Began as a Demigod Hunter on Feb 6, 2023.
             Mangled by a red draconian
             ... wielding a +1 scimitar of flaming
              (27 damage)
             ... in a volcano on Feb 7, 2023.
             The game lasted 00:58:40 (11300 turns).

avis the Skirmisher (Demigod Hunter)               Turns: 11300, Time: 00:58:40

Health: -7/94      AC: 10    Str: 12    XL:     11   Next: 0%
Magic:  14/14      EV: 12    Int: 11    God:
Gold:   508        SH:  0    Dex: 29    Spells: 10/10 levels left

rFire   + . .      SeeInvis .    a - +3 quarterstaff (spect)
rCold   . . .      Faith    .    (shield currently unavailable)
rNeg    + . .      Spirit   .    L - +2 leather armour {rF+}
rPois   .          Reflect  .    B - +0 hat {Stlth+}
rElec   .          Harm     +    t - scarf {harm}
rCorr   .          Rampage  .    (no gloves)
Will    +....                    n - +0 pair of boots
Stlth   +++                      (no amulet)
HPRegen 0.35/turn                j - ring of positive energy
MPRegen 0.14/turn                P - +4 ring of protection

@: no status effects
A: high MP 1, forlorn, divine attributes
a: no special abilities


You were in a volcano.
You visited 3 branches of the dungeon, and saw 11 of its levels.
You also visited: Sewer and Volcano.

You collected 508 gold pieces.

Inventory:

Hand Weapons
 a - a +3 spectral quarterstaff (weapon)
 b - a +0 arbalest
Missiles
 l - a throwing net
Armour
 n - a +0 pair of boots (worn)
 t - a scarf of harm (worn)
 B - a +0 hat of stealth (worn)
 L - a +2 leather armour of fire resistance (worn)
Jewellery
 j - a ring of positive energy (left hand)
 N - a ring of protection from cold
 P - a +4 ring of protection (right hand)
Wands
 A - a wand of iceblast (19)
 J - a wand of flame (19)
Scrolls
 e - 5 scrolls of immolation
 f - 5 scrolls of blinking {unknown}
 g - 2 scrolls of amnesia {unknown}
 k - 2 scrolls of summoning {unknown}
 o - 3 scrolls of noise {unknown}
 p - 3 scrolls of fear {unknown}
 q - 2 scrolls of teleportation {unknown}
 r - a scroll of poison {unknown}
 v - 2 scrolls of magic mapping {unknown}
 C - 6 scrolls of enchant weapon {unknown}
 H - 4 scrolls of fog {unknown}
 I - 2 scrolls of enchant armour {unknown}
 M - 2 scrolls of brand weapon {unknown}
 O - 3 scrolls of vulnerability {unknown}
Potions
 d - 3 potions of resistance
 h - 2 potions of flight
 i - a potion of invisibility {unknown}
 m - 6 potions of might
 u - a potion of magic {unknown}
 w - 3 potions of lignification
 z - 4 potions of curing
 F - 2 potions of brilliance
 G - 2 potions of haste {unknown}
Miscellaneous
 c - a piece from Xom's chessboard (15/15)


   Skills:
 - Level 8.0 Fighting
 * Level 14.4 Ranged Weapons
 - Level 1.7 Dodging
 - Level 0.8 Stealth


You had 10 spell levels left.
You didn't know any spells.
Your spell library contained the following spells:

 Spells                   Type           Power      Damage    Failure   Level
 Olgreb's Toxic Radiance  Pois           0%         N/A       99%         4
 Ozocubu's Refrigeration  Ice            0%         4d7       100%        7
 Ignition                 Fire           0%         3d3       100%        8


Dungeon Overview and Level Annotations

Branches:
Dungeon (8/15)             Temple (1/1) D:6            Lair (2/5) D:8
  Sewer (visited)         Volcano (1/1)
  Swamp: Lair:2-3    Shoals: Lair:2-3     Snake: Lair:2-3    Spider: Lair:2-3

Shops:
D:6 :


Innate Abilities, Weirdness & Mutations

You have an increased reservoir of magic. (+10% MP)
You shall have no god before yourself.
Your divine heritage dramatically boosts your attributes as you level up.


Message History

You have reached level 11!
Fire: b) +0 arbalest
Press: ? - help, Q - select action, (/) - cycle Shift-Dir - straight line, f - centaur
Aim: a centaur, wielding a +3 shortbow of flaming (80% to hit)
You shoot a bolt. The bolt hits the centaur!
The centaur is severely wounded.
The centaur shoots an arrow.
The arrow misses you.
Fire: b) +0 arbalest
Press: ? - help, Q - select action, (/) - cycle Shift-Dir - straight line, f - red draconian
Aim: a red draconian, wielding a +1 scimitar of flaming and wearing a +0 cloak (72% to hit)
You shoot a bolt. The bolt hits the red draconian!!
The red draconian is moderately wounded.
The red draconian breathes fire at you. The searing blast hits you! You resist.
Fire: b) +0 arbalest
Press: ? - help, Q - select action, (/) - cycle Shift-Dir - straight line, f/p - red draconian
Aim: a red draconian, wielding a +1 scimitar of flaming and wearing a +0 cloak (moderately wounded, catching its breath, 72% to hit)
You shoot a bolt.
The bolt hits the red draconian but does no damage.
The red draconian is moderately wounded.
Fire: b) +0 arbalest
Press: ? - help, Q - select action, (/) - cycle Shift-Dir - straight line, f/p - red draconian
Aim: a red draconian, wielding a +1 scimitar of flaming and wearing a +0 cloak (moderately wounded, catching its breath, 72% to hit)
You shoot a bolt. The bolt hits the red draconian!!
The red draconian is severely wounded.
The red draconian hits you with a +1 scimitar of flaming!
The red draconian burns you.
Fire: b) +0 arbalest
Press: ? - help, Q - select action, (/) - cycle Shift-Dir - straight line, f/p - red draconian
Aim: a red draconian, wielding a +1 scimitar of flaming and wearing a +0 cloak (severely wounded, catching its breath, 72% to hit)
You shoot a bolt.
The bolt closely misses the red draconian.
The red draconian hits you with a +1 scimitar of flaming!
* * * LOW HITPOINT WARNING * * *
The red draconian burns you.
* * * LOW HITPOINT WARNING * * *
You feel a bond with your +3 spectral quarterstaff.
a - a +3 spectral quarterstaff (weapon)
The red draconian hits you with a +1 scimitar of flaming!!
You die...

##≈≈ ≈≈≈ ≈[. $) !# #c
###d###### ≈
###...@##..######### #.
#.......§§....§§.#.##..
.......≈≈§≈≈≈≈≈§§......#
###....≈≈○§≈≈≈§§§§....###
#....≈§≈§§≈≈≈§§≈≈§...##
##....§≈≈≈≈≈§§≈≈≈§...#
#....≈≈≈≈≈≈§≈≈≈≈≈...##
#..§..≈≈≈≈§≈§≈§§...##
####....§≈≈≈≈≈§....#


You could see a red draconian (catching breath) and a centaur.

Vanquished Creatures
  2 two-headed ogres (D:8)
  2 black mambas (Lair:1)
  A rime drake (Lair:1)
  A komodo dragon (Lair:1)
  A troll (D:8)
  Prince Ribbit (D:8)
  A hornet (D:8)
  2 slime creatures (D:8)
  9 yaks
  A basilisk (Lair:2)
  2 steam dragons
  10 water moccasins
  Duvessa (D:6)
  An ice beast (D:6)
  An orc warrior (D:7)
  4 black bears
  3 ogres
  A centaur (Volcano)
  4 kobold brigands
  9 bullfrogs
  3 necrophages
  A gnoll sergeant (D:8)
  2 scorpions
  Dowan (D:6)
  3 howler monkeys
  2 hounds
  3 jellies
  4 orc priests
  Ijyb (D:4)
  3 iguanas
  7 orc wizards
  5 adders
  7 river rats (Sewer)
  A shadow imp (D:7)
  2 ufetubi
  2 worms
  2 dart slugs
  23 orcs
  15 ball pythons
  5 bats
  A bat zombie (D:7)
  12 endoplasms
  6 giant cockroaches
  13 goblins
  6 hobgoblins
  9 jackals
  16 kobolds
  4 quokkas (D:1)
  5 frilled lizards
  10 rats
  A rat zombie (D:7)
  A spectral kobold (D:4)
233 creatures vanquished.

Vanquished Creatures (others)
  52 fungi (D:8)
  65 plants
117 creatures vanquished.

Grand Total: 350 creatures vanquished

Notes
Turn   | Place    | Note
-------+----------+-------------------------------------------
     0 | D:1      | avis the Demigod Hunter began the quest for the Orb.
     0 | D:1      | Reached XP level 1. HP: 17/17 MP: 3/3
   168 | D:1      | Reached skill level 4 in Ranged Weapons
   177 | D:1      | Reached XP level 2. HP: 19/24 MP: 4/4
   416 | D:1      | Reached XP level 3. HP: 30/30 MP: 5/5
  1867 | D:3      | Reached XP level 4. HP: 40/40 MP: 6/6
  2885 | D:3      | Reached XP level 5. HP: 17/46 MP: 7/7
  2891 | D:3      | HP: 1/46 [scorpion (6)]
  2897 | D:3      | Reached skill level 5 in Ranged Weapons
  3082 | D:4      | Noticed Ijyb
  3090 | D:4      | Killed Ijyb
  3127 | D:4      | Reached XP level 6. HP: 30/52 MP: 8/8
  3143 | D:4      | Reached skill level 6 in Ranged Weapons
  4055 | D:5      | Entered Level 5 of the Dungeon
  4097 | D:5      | Reached skill level 7 in Ranged Weapons
  4210 | D:5      | Reached XP level 7. HP: 59/59 MP: 9/9
  4416 | D:5      | Found a glowing drain.
  4431 | Sewer    | Entered a sewer
  4634 | Sewer    | Reached skill level 8 in Ranged Weapons
  5719 | D:6      | Reached skill level 5 in Fighting
  5766 | D:6      | Noticed Duvessa
  5776 | D:6      | Killed Duvessa
  5776 | D:6      | Noticed Dowan
  5777 | D:6      | Reached XP level 8. HP: 68/68 MP: 10/10
  5782 | D:6      | Killed Dowan
  5839 | D:6      | Found Pawk's Book Boutique.
  5848 | D:6      | Reached skill level 9 in Ranged Weapons
  6285 | D:6      | Found a staircase to the Ecumenical Temple.
  6529 | Temple   | Entered the Ecumenical Temple
  6561 | D:6      | Reached skill level 10 in Ranged Weapons
  7359 | D:7      | Reached XP level 9. HP: 75/75 MP: 11/11
  8167 | D:8      | Noticed Prince Ribbit
  8384 | D:8      | Noticed a two-headed ogre
  8391 | D:8      | Killed a two-headed ogre
  8392 | D:8      | Reached skill level 11 in Ranged Weapons
  8539 | D:8      | Reached skill level 12 in Ranged Weapons
  8552 | D:8      | Noticed a two-headed ogre
  8558 | D:8      | Killed a two-headed ogre
  8794 | D:8      | Paralysed by a hornet for 1 turns
  8796 | D:8      | Reached XP level 10. HP: 62/86 MP: 13/13
  8819 | D:8      | Found a staircase to the Lair.
  8840 | D:8      | Killed Prince Ribbit
  8841 | D:8      | Reached skill level 13 in Ranged Weapons
  9723 | Lair:1   | Entered Level 1 of the Lair of Beasts
 10021 | Lair:1   | Identified the +1 chain mail of Gravity {-Cast rN+++ Will+
                  | Str+2}
 10199 | Lair:1   | Reached skill level 14 in Ranged Weapons
 10545 | Lair:1   | Noticed a black mamba
 10548 | Lair:1   | Killed a black mamba
 10598 | Lair:1   | Noticed a black mamba
 10600 | Lair:1   | Killed a black mamba
 11236 | Lair:2   | Found a dark tunnel.
 11247 | Volcano  | Entered a volcano
 11292 | Volcano  | Noticed a red draconian
 11295 | Volcano  | Reached XP level 11. HP: 59/94 MP: 14/14
 11300 | Volcano  | Mangled by a red draconian

Illustrated notes

Levels and vault maps discovered:
D:1:      dpeg_arrival_water_fire, layout_basic, minmay_bisected
D:2:      layout_loops_ring, shapermc_ecumenical_altar_gd
D:3:      layout_loops_corners, nicolae_ru_path_of_blood,
          ashenzari_conservatory_becter, nicolae_tso_swordbearing_angel,
          minmay_increasing_density
D:4:      layout_cave_pods, mainiacjoe_overflow_paths,
          nicolae_hepliaklqana_monster_ancestors, mainiacjoe_overflow_alcove_2,
          uniq_ijyb
D:5:      layout_loops_cross, portal_sewer_entry_b
D:6:      layout_loops_cross, minmay_temple_entry_arrows, serial_shops,
          shop_statue, uniq_duvessa
D:7:      layout_basic, lemuel_zombie_altar_kikubaaqudgha,
          mainiacjoe_overflow_alcove_1, nrook_uturn
D:8:      layout_loops_ring, mainiacjoe_overflow_surrounded_room,
          marbit_many_paths, lemuel_round_altar, due_lair_maze_entry_diamond,
          kb_rosetta, uniq_prince_ribbit1
Temple:   hellmonk_temple_flake
Lair:1:   layout_cave_pods, grunt_forest_small_clearings
Lair:2:   layout_hall_layers, elwin_shoals_entry_rocks,
          nicolae_spider_entry_tight_spaces, nicolae_volcano_entry_hallway,
          st_stairs_6, grunt_forest_small_clearing_treed, grunt_megastairs_2
Volcano:  volcano_pools

Skill      XL: |  1  2  3  4  5  6  7  8  9 10 |
---------------+-------------------------------+-----
Fighting       | 2 3 4 5 6 7 8 |  8.0
Ranged Weapons | 4 5 7 8 10 12 14 | 14.4
Dodging        | |  1.7
Stealth        | |  0.8

Action                     |  1- 3 |  4- 6 |  7- 9 | 10-12 || total
---------------------------+-------+-------+-------+-------++-------
  Melee: Quarterstaff      |    20 |    50 |   138 |    47 ||   255
   Fire: Shortbow          |   109 |    45 |   158 |    32 ||   344
         Arbalest          |       |       |       |    55 ||    55
    Use: Scroll            |       |       |     6 |     2 ||     8
         Potion            |       |       |     3 |     2 ||     5
   Stab: Distracted        |       |       |     2 |     1 ||     3
         Sleeping          |       |       |       |     1 ||     1
 Armour: Leather armour    |    13 |    18 |    33 |    18 ||    82
         Robe              |       |       |     6 |       ||     6
  Dodge: Dodged            |    26 |    44 |    80 |    38 ||   188

Table legend: (Time is in decaauts)
 A = Elapsed time spent in this place.
 B = Non-inter-level travel time spent in this place.
 C = Inter-level travel time spent in this place.
 D = Time resting spent in this place.
 E = Time spent auto-exploring this place.
 F = Levels seen in this place.
 G = Mean time per level.
                   A        B        C        D        E       F      G
               +--------+--------+--------+--------+--------+-----+--------+
         Total |  11578 |   9920 |   1658 |   1417 |   5106 |  13 |  890.6 |
       Dungeon |   9114 |   7587 |   1527 |   1207 |   4513 |   8 | 1139.2 |
        Temple |     33 |     29 |      4 |      0 |      0 |   1 |   33.0 |
          Lair |   1374 |   1248 |    126 |    157 |    146 |   2 |  687.0 |
         Sewer |   1002 |   1002 |      0 |     53 |    446 |   1 | 1002.0 |
       Volcano |     54 |     54 |      0 |      0 |      0 |   1 |   54.0 |
               +--------+--------+--------+--------+--------+-----+--------+

Top non-repeatable levels by time:
     D:7: 1633 daAuts
     D:3: 1515 daAuts
     D:8: 1370 daAuts
  Lair:1: 1191 daAuts
     D:6: 1112 daAuts
     D:4: 1040 daAuts
   Sewer: 1002 daAuts
     D:1: 925 daAuts
     D:5: 763 daAuts
     D:2: 753 daAuts
  Lair:2: 182 daAuts
 Volcano: 54 daAuts
  Temple: 33 daAuts
